Match 46373737
Unlisted

Match 46373737
End
Construct Section Command Post
Selects Australian Defense Battlegroup
Selects Australian Light Infantry Section
Australian Light Infantry Section
Australian Light Infantry Section
Vickers Machine Gun Team
Australian Light Infantry Section
Construct Platoon Command Post
Humber Armored Car
Selects Defensive Tactics
Infantry Training
CMP 15cwt Truck
Light Vehicle Training
Juan
Nicilobster
오렌지플래닛
potatoo
Tek
爬树的肥猪
zerry
3d3lw3iSS
0
0

Comments sign in to comment!

No comments posted yet!